[Event "Czech Championship U20 Open 2023"]
[Site "Jaromerice nad Rokytnou"]
[Date "2023.03.17"]
[Round "10.6"]
[White "Jun, Rudolf"]
[Black "Kubiczek, Michal"]
[Result "1/2-1/2"]
[ECO "B15"]
[WhiteElo "2152"]
[BlackElo "2087"]
[Annotator "TA"]
[PlyCount "143"]
[EventDate "2023.03.10"]
[EventType "tourn"]
[EventCountry "CZE"]
[SourceTitle "playchess.com"]
[Source "ChessBase"]
[SourceQuality "1"]
[TimeControl "40/5400+30:1800+30"]

1. e4 c6 2. d4 d5 3. Nd2 dxe4 4. Nxe4 Nf6 5. Nc3 Bf5 6. Nf3 e6 7. Bd3 {[%emt 0:00:37] B18: Classical Caro-Kann: 4...Bf5 sidelines.} Bxd3 8. Qxd3 Bd6 9. O-O Nbd7 {[%emt 0:01:23] [#]} 10. a4 $146 ({Predecessor:} 10. Bg5 O-O 11. Ne5 Nxe5 12. dxe5 Bxe5 13. Qxd8 Rfxd8 14. Rfe1 Bxc3 15. bxc3 Rd5 16. Bxf6 gxf6 {0-1 Bagga,K (1059)-Hackett,W (1530) BCF-chT2 U18 1920 (4NCL) online 2020 (7.68)}) 10... a5 11. Bd2 Qc7 12. Rfe1 O-O 13. g3 Rfe8 14. Ng5 h6 15. Nge4 Be7 16. Qf3 Nxe4 17. Nxe4 Qd8 (17... Qb6 $5 ) 18. c4 Nf6 (18... f5 $5 19. Nc3 $8 Bf6 $11) 19. Rad1 Nxe4 ({But not} 19... Qxd4 20. Bc3 Qxc4 21. Nxf6+ Bxf6 22. Bxf6 gxf6 23. Qxf6 $16) 20. Rxe4 Bf6 21. Rg4 Kh8 22. Re4 Kg8 $1 23. h4 Qe7 (23... b5 {looks sharper.} 24. b3 bxa4 25. bxa4 Bxd4 26. Bg5 hxg5 27. Rexd4 Qf6) 24. Rg4 Kh8 25. Re4 Kg8 26. b3 Red8 27. Qh5 Rxd4 28. Rxd4 Bxd4 29. Bxa5 (29. Bxh6 $5 Rd8 30. Be3 Bxe3 31. fxe3 $11) 29... g6 30. Qxh6 Bxf2+ 31. Kxf2 Rxa5 $11 {[%emt 0:00:04][%mdl 4096] Endgame KQR-KQR} 32. Qd2 Rf5+ (32... Qc5+ $11 33. Kg2 Qh5) 33. Kg2 $14 Qc5 ({Black should try} 33... Qa3 $14) 34. Qd4 (34. g4 $18 Rf6 35. Qd4 Qxd4 36. Rxd4) 34... b5 35. g4 (35. Qxc5 $16 {Threatening mate with Rd8+.} Rxc5 36. cxb5 cxb5 37. a5) 35... Re5 $2 {[%emt 0:00:16] [#]} (35... Qxd4 $11 36. Rxd4 Re5) 36. Kf3 $2 (36. Qxc5 $18 Rxc5 37. cxb5 Rc2+ 38. Kf3 cxb5 39. a5 (39. axb5 Rc3+ 40. Kf4 Rxb3 $11)) 36... Qxd4 $11 37. Rxd4 {[%emt 0:00:04] aiming for Re4.} bxa4 {[%emt 0:00:28] KR-KR} 38. b4 (38. bxa4 $11 Ra5 39. Rd6) 38... Re1 $17 39. Rd8+ Kg7 40. Ra8 {[%emt 0:00:31] [#]} Ra1 (40... Rc1 $1 $17 {[%cal Rc1c3] White must now prevent ...Rc3+.} 41. b5 Rc3+ 42. Ke2 Rxc4 43. bxc6 Rxc6 44. Rxa4 f5) 41. b5 cxb5 42. cxb5 a3 43. g5 a2 {[%emt 0:01:03] ( -> ...Rf1+)} (43... Rb1 {simplifies} 44. Rxa3 Rxb5 45. Ra8 Rb4) 44. Kg2 {[%emt 0:00:05] Wards off Rf1} Rb1 45. Rxa2 Rxb5 46. Ra7 Rb3 47. Kh2 Rd3 48. Ra8 e5 49. Re8 {[%emt 0:00:24] The position is equal.} Re3 50. Re7 Kf8 51. Ra7 Ke8 52. Kg2 Re4 53. Kg3 Rf4 54. Rb7 Rf5 55. Kg4 Rf1 56. Kg3 Kf8 57. Ra7 Rg1+ 58. Kh2 Rb1 59. Kg3 Rf1 60. Rb7 Rd1 61. Rb5 Re1 62. Rb7 Re3+ 63. Kg4 Re4+ 64. Kg3 f5 {[%emt 0:00:48] Hoping for ...Rg4+.} (64... Re2 {simplifies} 65. Kf3 Rh2 66. Rb5 Rxh4 67. Rxe5 Ra4) 65. gxf6 Rf4 66. Re7 Rf5 67. Kg4 Rxf6 68. Rxe5 Kg7 69. Kg5 Rf5+ 70. Rxf5 gxf5 71. Kxf5 Kh8 72. h5 {[%emt 0:00:03] Weighted Error Value: White=0.22 (precise) /Black=0.14 (very precise)} 1/2-1/2

[Event "Czech Championship U20 Open 2023"]
[Site "Jaromerice nad Rokytnou"]
[Date "2023.03.18"]
[Round "11.1"]
[White "Kubiczek, Michal"]
[Black "Hlavina, Matous"]
[Result "0-1"]
[ECO "A40"]
[WhiteElo "2087"]
[BlackElo "2091"]
[Annotator "TA"]
[PlyCount "62"]
[EventDate "2023.03.10"]
[EventType "tourn"]
[EventCountry "CZE"]
[SourceTitle "playchess.com"]
[Source "ChessBase"]
[SourceQuality "1"]
[TimeControl "40/5400+30:1800+30"]

1. d4 g6 2. c4 f5 3. Nc3 Nf6 4. g3 Bg7 5. Bg2 O-O 6. e4 fxe4 {[%emt 0:09:47] A86: Dutch Defence: Leningrad System: Unusual lines and 5 Nh3.} 7. Nxe4 Nxe4 8. Bxe4 Nc6 {[%emt 0:00:34] The position is equal.} 9. Ne2 d6 10. O-O Bg4 {[%emt 0:03:02][%cal Oc6d4] Hoping for ...Nxd4!} 11. f3 Bh3 12. Rf2 Bd7 (12... Qd7 $11 {feels stronger.}) 13. Be3 $14 Kh8 {[%emt 0:04:38] [#]} 14. d5 $146 ({Predecessor:} 14. Qd2 e5 15. f4 Bf5 16. Bxf5 Rxf5 17. Raf1 e4 18. d5 Nb8 19. Nc3 Qe7 20. Bd4 Nd7 21. Re1 Raf8 22. Re3 Qf7 23. Rfe2 Re8 24. Bxg7+ Kxg7 {½-½ Ozgur,S (1439)-Kutuk,A (1608) TUR-chT2 Konya 2015 (6.10)}) 14... Ne5 15. Bd4 c5 (15... Nxc4 $2 16. Bxg7+ Kxg7 17. Qd4+ Ne5 18. f4 $18) 16. dxc6 bxc6 17. Qd2 Rb8 18. b3 a5 19. Re1 a4 20. Qc2 (20. b4 $14) 20... Qa5 (20... axb3 {simplifies} 21. axb3 Rf7 22. Ref1 Qc8) 21. Rb1 {[%emt 0:05:19] [#]} (21. Bc3 $11 {keeps the balance.} axb3 22. axb3) 21... d5 $1 $17 22. b4 Rxb4 {[%emt 0:01:08] Black is more active.} 23. Rxb4 Qxb4 24. Bxe5 $4 {[%emt 0:01:20][%mdl 8192] This costs White the game.} (24. cxd5 $17 cxd5 25. Bxd5) 24... Bxe5 $19 25. cxd5 {[%emt 0:00:41] White is weak on the dark squares} cxd5 26. Bxd5 $2 (26. Bd3) 26... Bh3 {[%emt 0:02:19] A strong pair of Bishops.} 27. Qc1 {[%emt 0:07:22] Prevents Qe1+} Rc8 28. Qd1 Rd8 {[%emt 0:00:17][%cal Od8d5] ( -> ...Rxd5!)} 29. Nf4 Bxf4 {[%emt 0:01:42][%mdl 64] Remove Defender. Black mates.} 30. gxf4 {[%emt 0:00:41] [#]} Rxd5 $1 {[%emt 0:00:16][%mdl 576] Deflection, Back Rank} 31. Qa1+ (31. Qc1 Qxf4) 31... Qd4 {[%emt 0:00:09] Weighted Error Value: White=0.90/Black=0.07 (flawless)} (31... Kg8 $142 32. f5 Re5 33. Rg2 Re1+ 34. Kf2 Qd2+ 35. Kg3 Qxg2+ 36. Kh4 Re4+ {[%mdl 64] Deflection} 37. fxe4 Qg4#) 0-1

[Event "Czech Championship U20 Open 2023"]
[Site "Jaromerice nad Rokytnou"]
[Date "2023.03.18"]
[Round "11.2"]
[White "Frank, Adam"]
[Black "Jun, Rudolf"]
[Result "1/2-1/2"]
[ECO "B33"]
[WhiteElo "2391"]
[BlackElo "2152"]
[Annotator "TA"]
[PlyCount "61"]
[EventDate "2023.03.10"]
[EventType "tourn"]
[EventCountry "CZE"]
[SourceTitle "playchess.com"]
[Source "ChessBase"]
[SourceQuality "1"]
[TimeControl "40/5400+30:1800+30"]

1. e4 c5 2. Nf3 Nc6 3. d4 cxd4 4. Nxd4 Nf6 5. Nc3 e5 6. Ndb5 d6 7. Bg5 a6 8. Na3 b5 9. Nd5 Be7 10. Bxf6 Bxf6 11. c3 Bg5 12. Nc2 Rb8 13. a4 bxa4 {[%emt 0:01:15] B33: Sicilian: Pelikan and Sveshnikov Variations.} 14. Ncb4 Nxb4 15. cxb4 Bd7 16. Bxa6 O-O 17. O-O {[%emt 0:00:05] 17.0-0 has become a bit dusty these days.} Bc6 18. Rxa4 Bxa4 19. Qxa4 f5 {[%emt 0:05:35] Black is weak on the light squares} 20. exf5 Rxf5 21. Bd3 Rf7 22. b5 {[%emt 0:00:54][%mdl 1024] [#] White has compensation.} Kh8 $146 ({Predecessor:} 22... g6 23. Ra1 Qd7 24. h4 Bd8 25. Qb4 Qe6 26. Bc4 Kh8 27. g3 Qf5 28. Qe1 Rfb7 {½-½ Borisovs,L (2170)-Zubac,M (2466) FICGS W-ch final email 2008 (1)}) 23. Qg4 g6 {Dodges Qh5} 24. g3 Bh6 25. b6 Rxb6 26. Nxb6 Qxb6 27. Bxg6 Rg7 {[%emt 0:16:49] [#]} (27... hxg6 $11 {remains equal.} 28. Qxg6 Rh7) 28. Ra1 $1 hxg6 (28... Rxg6 $2 29. Ra8+ Kg7 30. Qd7+ Kf6 31. Re8 $18) (28... Qc6 29. Qe4) 29. Ra8+ $1 {[%emt 0:01:25] The position is equal.} Rg8 $2 (29... Kh7 $11 30. Qc8 g5) 30. Qxg6 $19 Rxa8 31. Qxh6+ {[%emt 0:00:04][%mdl 32768] Weighted Error Value: White=0.13 (very precise) /Black=0.15 (very precise) . An unexpected result.} 1/2-1/2

[Event "Czech Championship U20 Open 2023"]
[Site "Jaromerice nad Rokytnou"]
[Date "2023.03.18"]
[Round "11.3"]
[White "Mica, Marek"]
[Black "Hrbek, Stepan"]
[Result "1-0"]
[ECO "A37"]
[WhiteElo "2248"]
[BlackElo "2340"]
[Annotator "TA"]
[PlyCount "83"]
[EventDate "2023.03.10"]
[EventType "tourn"]
[EventCountry "CZE"]
[SourceTitle "playchess.com"]
[Source "ChessBase"]
[SourceQuality "1"]
[TimeControl "40/5400+30:1800+30"]

1. c4 c5 2. Nf3 Nc6 3. g3 g6 4. Bg2 Bg7 5. Nc3 e6 6. d4 cxd4 7. Nb5 d5 8. cxd5 Qa5+ 9. Nd2 Qxb5 {[%emt 0:00:44] A37: Symmetrical English vs ...g6: 4 Bg2 Bg7 5 Nf3.} 10. dxc6 Nf6 $2 (10... Ne7 $11 {and Black has nothing to worry.}) 11. a4 $1 $18 Qa6 {[%emt 0:05:23] White is clearly better.} 12. b4 $1 {[%emt 0:09:53] b5 would be deadly.} b5 (12... bxc6 $2 13. b5 cxb5 14. Bxa8 $18) 13. Bb2 {[%emt 0:07:24] [#]} e5 $146 (13... Nd5 $16) ({Predecessor:} 13... Nd5 14. Bxd5 exd5 15. O-O Qxc6 16. Nf3 bxa4 17. Bxd4 f6 18. Qxa4 Qxa4 19. Rxa4 O-O {1-0 Zaragatski,I (2472)-Maenhout,T (2344) BEL-chT 1415 2014 (11.5)}) 14. Nb3 $2 (14. c7 $18 Bb7 15. axb5 Qxa1 16. Qxa1 Bxg2 17. Rg1) 14... Qb6 {[%emt 0:00:15] [#]} (14... O-O $16 {was necessary.}) 15. Nxd4 $1 bxa4 {[%emt 0:09:50] [#]} 16. Qxa4 {[%emt 0:00:18] Hoping for c7+.} exd4 {[%emt 0:01:06] [#]} 17. c7+ $2 (17. b5 $1 $18) 17... Bd7 $14 18. Bxa8 O-O 19. Qa5 (19. Qxa7 $2 {is the wrong capture.} Qxb4+ 20. Kf1 Qxb2 $19) 19... Qxa5 20. Rxa5 Rxa8 21. O-O ({Don't do} 21. Bxd4 Rc8 $16) 21... Be6 {[%emt 0:08:11] Black is now going downhill.} (21... Rc8 $1 $14) 22. Rc1 $16 {[%emt 0:02:23][%mdl 1024] White has strong compensation. White is more active.} Ne4 $2 (22... Rc8) 23. b5 $18 {[%emt 0:01:33] Black must now prevent b6.} Nd6 (23... Nc3 $2 24. Bxc3 Rc8 25. Bd2) 24. b6 {[%emt 0:00:56] Threatens to win with Rc6.} a6 25. Ba3 Nb7 {[%emt 0:03:01] [#]} 26. Rxa6 {[%emt 0:00:12][%mdl 576] Deflection, Promotion} Rc8 27. Bb4 d3 28. exd3 Bb2 29. Rc2 Bd4 30. Bc3 Bc5 (30... Bxb6 {might work better.} 31. Rxb6 Rxc7) 31. Bf6 {[%emt 0:00:16] Strongly threatening Ra7.} Bd6 (31... Kf8 $142 32. Ra7 Bd5 33. Rxb7 {[%mdl 64] Remove Defender} Bxb7) 32. Rc1 Kf8 33. Rca1 Ke8 34. Ra7 Bd5 35. Ra8 Be6 36. R1a7 Nc5 37. d4 Nb7 {[%emt 0:00:20] [#]} 38. Rxb7 $1 {[%emt 0:01:33] White threatens Rba7 and mate.} Rxa8 39. Ra7 Rc8 40. b7 Kd7 41. bxc8=Q+ (41. b8=Q $142 Bc4 42. Bd8 Bd5 43. Qb5+ Bc6 44. Qc4 Be4 45. Qxf7+ Kc6 46. Qe6) 41... Kxc8 42. Be5 {[%emt 0:00:09] Artfully played by Mica.   Weighted Error Value: White=0.38/Black=0.79} 1-0

[Event "Czech Championship U20 Open 2023"]
[Site "Jaromerice nad Rokytnou"]
[Date "2023.03.18"]
[Round "11.4"]
[White "Gnojek, Petr"]
[Black "Ocelak, Jakub"]
[Result "1-0"]
[ECO "D35"]
[WhiteElo "2313"]
[BlackElo "2190"]
[Annotator "TA"]
[PlyCount "77"]
[EventDate "2023.03.10"]
[EventType "tourn"]
[EventCountry "CZE"]
[SourceTitle "playchess.com"]
[Source "ChessBase"]
[SourceQuality "1"]
[TimeControl "40/5400+30:1800+30"]

1. d4 Nf6 2. c4 e6 3. Nc3 d5 4. cxd5 exd5 5. Bg5 c6 6. e3 Bd6 7. Bd3 O-O 8. Qc2 {[%emt 0:00:57][%cal Od3h7] next Bxh7+! is good for White. D35: Queen's Gambit Declined: Exchange Variation.} h6 9. Bh4 a5 10. Nge2 {[%emt 0:08:37] The position is equal.} Na6 11. a3 {[%emt 0:00:11] Against Nb4} Nc7 12. h3 Ne6 13. f4 Re8 14. O-O Nf8 {[%emt 0:16:44] [#]} 15. Rf3 $146 ({Predecessor:} 15. e4 dxe4 16. Nxe4 Be7 17. Nxf6+ Bxf6 18. Bf2 Ne6 19. Rad1 Nc7 20. Nc3 Nd5 21. Nxd5 Qxd5 {1-0 Sjugirov,S (2663)-Abdrlauf,E (2338) Titled Tuesday intern op 18th May blitz 2021 (6)}) 15... Be7 16. Raf1 Ne4 {[%emt 0:12:32] Hoping for ...Nxc3.} 17. Bxe7 Qxe7 18. f5 (18. Bxe4 $14 dxe4 19. R3f2) 18... Nf6 $11 19. Nf4 N8h7 20. Qe2 b5 21. Rg3 Qd6 22. h4 Bd7 (22... b4 $15 23. Na4 bxa3) 23. Rh3 Re7 24. g4 c5 {[%emt 0:03:27] [#]} (24... g5 $1 $11 25. fxg6 fxg6 26. Nxg6 Rg7) 25. Qg2 $1 $16 {[%emt 0:03:05] aiming for g5.} (25. Bxb5 $2 cxd4 26. Bxd7 dxc3 $19) (25. Nxb5 Bxb5 26. Bxb5 cxd4 $17) 25... cxd4 26. exd4 {[%emt 0:05:46] g5 is the strong threat.} (26. Nxb5 Bxb5 27. Bxb5 Rxe3 28. Rxe3 (28. g5 $2 hxg5 29. hxg5 Ne4 $17) 28... dxe3 $17) (26. Ncxd5 Nxd5 27. Nxd5 (27. Qxd5 Ra6 $14) 27... Re5) 26... Qb6 (26... b4 $16) 27. g5 $36 {[%emt 0:00:19][%mdl 2048] White is in control.} (27. Ncxd5 Qxd4+ 28. Qf2 Qxf2+ 29. Rxf2 Re1+ 30. Rf1 Rxf1+ 31. Bxf1 Nxg4 $15) 27... Qxd4+ 28. Kh2 Ne4 $2 (28... hxg5 $2 29. hxg5 (29. Ncxd5 $2 Nxd5 30. Qxd5 Qxb2+ 31. Kg1 gxf4 $17) 29... Re3 30. Rxe3 Qxe3 31. gxf6 Nxf6 32. Ncxd5 (32. Bxb5 Bxb5 33. Nxb5 Rb8 $16) 32... Nxd5 33. f6 Nxf6 34. Qxa8+ $18) (28... Kh8 29. gxf6 Nxf6) 29. Nfxd5 {[%emt 0:00:18] White is clearly winning.} ({Less strong is} 29. Ncxd5 Ree8 $18) 29... Ree8 30. Bxe4 b4 31. Nf6+ Nxf6 32. gxf6 ({Not} 32. Bxa8 Ng4+ 33. Kh1 bxc3 34. bxc3 Qa4 $16) 32... Qxf6 33. Bxa8 bxc3 34. bxc3 ({Don't play} 34. Rxc3 Qxh4+ 35. Rh3 Qf6 $18) 34... Bb5 (34... Bxf5 $142 35. Rg3 Qxh4+ 36. Kg1 Qf6) 35. Rf2 Qd6+ 36. Rg3 Kh8 {[%emt 0:00:15] [#]} 37. f6 $1 g6 38. Bd5 Re1 39. c4 {[%emt 0:00:27] Weighted Error Value: White=0.23 (precise) /Black=0.39} 1-0

[Event "Czech Championship U20 Open 2023"]
[Site "Jaromerice nad Rokytnou"]
[Date "2023.03.18"]
[Round "11.5"]
[White "Smolik, Jachym"]
[Black "Mach, Petr"]
[Result "1-0"]
[ECO "B06"]
[WhiteElo "2297"]
[BlackElo "2167"]
[Annotator "TA"]
[PlyCount "61"]
[EventDate "2023.03.10"]
[EventType "tourn"]
[EventCountry "CZE"]
[SourceTitle "playchess.com"]
[Source "ChessBase"]
[SourceQuality "1"]
[TimeControl "40/5400+30:1800+30"]

1. d4 g6 2. e4 Bg7 3. c4 c5 4. d5 d6 5. Nc3 f5 6. exf5 {[%emt 0:05:06] A43: Schmid Benoni.} Bxf5 7. Bd3 e6 {[%emt 0:00:58] [#]} (7... Bxc3+ $142 8. bxc3 Qa5 9. Bxf5 Qxc3+ 10. Bd2 Qe5+ 11. Ne2 Qxf5) 8. Nge2 $146 {[%emt 0:23:27] White is clearly better.} ({Predecessor:} 8. Bxf5 exf5 9. Nge2 Na6 10. O-O Nc7 11. Re1 Kf7 12. Nf4 Be5 13. Nd3 Bxc3 14. bxc3 {1-0 Moreira,B-Gadia,O BRA-ch Campinas 1962 (9)}) 8... Bxd3 9. Qxd3 {[%emt 0:00:06] Threatens to win with Nf4.} e5 {[%emt 0:00:10] Against Nf4} (9... exd5 $16 10. cxd5 (10. Nxd5 Nf6 $14) 10... Nd7) 10. Ne4 h6 (10... Nf6 $142 11. Bg5 O-O) 11. Qg3 Ne7 12. O-O O-O 13. Bd2 Kh7 (13... b5 $142 14. cxb5 Nd7 15. Nxd6 Nb6) 14. Qh3 $18 {[%emt 0:00:27][%cal Od2h6] Bxh6! is the strong threat.} Kg8 $2 (14... Nf5 15. Ng5+ Kg8) 15. Bxh6 (15. Qe6+ $142 Kh7 16. Qh3 (16. Nxd6 Nf5 $18) (16. Qxd6 Qxd6 17. Nxd6 Nd7 $18)) 15... Nf5 16. Bxg7 Kxg7 17. N2g3 Nd4 {[%emt 0:00:29] [#]} 18. Qg4 {[%emt 0:01:05] f4 would be deadly.} Rh8 (18... Nd7 {might work better.} 19. Rad1 Qe7) 19. Ng5 {[%emt 0:00:38] And now f4 would win.} Nd7 20. Ne6+ Nxe6 21. dxe6 ({Not} 21. Qxe6 Nf6 $14) 21... Nf6 22. Nf5+ Kh7 23. Qh4+ Nh5 24. e7 Qd7 {[%emt 0:01:33] [#]} 25. Ne3 {[%emt 0:00:29] Black must now prevent f4.} Kg7 26. Nd5 {[%emt 0:00:48] Against Nf4. aiming for f4.} Qf5 (26... Qe6 27. Nc7 Qf6 28. Qxf6+ Kxf6 29. Nxa8 Rxa8) 27. g4 Qe4 28. Qg5 Nf4 29. Qf6+ Kg8 $2 (29... Kh7 30. Nxf4 (30. Qxd6 $2 Nh3#) 30... Qxf4) 30. Nxf4 {[%emt 0:00:17][%mdl 64] Threatening mate with Rae1. Remove Defender, Deflection} (30. Qxd6 $2 Nh3#) 30... Qxf4 31. Qxg6# {Black did not feel at home in the position after the opening. A cool game by Smolik.   Weighted Error Value: White=0.45/Black=0.75} 1-0

[Event "Czech Championship U20 Open 2023"]
[Site "Jaromerice nad Rokytnou"]
[Date "2023.03.18"]
[Round "11.6"]
[White "Svanda, Ondrej"]
[Black "Jares, Michal"]
[Result "0-1"]
[ECO "B22"]
[WhiteElo "2366"]
[BlackElo "2177"]
[Annotator "TA"]
[PlyCount "72"]
[EventDate "2023.03.10"]
[EventType "tourn"]
[EventCountry "CZE"]
[SourceTitle "playchess.com"]
[Source "ChessBase"]
[SourceQuality "1"]
[TimeControl "40/5400+30:1800+30"]

1. e4 c5 2. c3 d5 3. exd5 Qxd5 4. d4 cxd4 5. cxd4 e5 6. Nf3 exd4 {[%emt 0:00:11] 6...exd4 is better than 6...Nc6.} 7. Qxd4 Qxd4 8. Nxd4 Bc5 {[%emt 0:00:15] B22: Sicilian: 2 c3.} 9. Nb5 Na6 {[%emt 0:00:08] Wards off Nc7+} 10. a3 Nf6 {[%emt 0:01:21] The position is equal.} 11. N1c3 O-O 12. Be2 {[%emt 0:00:01] [#]} Rd8 $146 ({Predecessor:} 12... Bf5 13. b4 Bb6 14. Bf4 Bg6 15. O-O Rac8 16. Rac1 Rfd8 17. Na4 Nd5 18. Bg3 h6 19. Rxc8 Rxc8 {1-0 Zednicek,F (1548)-Jares,M (1967) CZE-ch Betsys Online Blitz 2021 (9)}) 13. O-O Bd7 14. Bf3 Bc6 15. Bg5 Bxf3 16. gxf3 Rd3 17. Kg2 Bb6 18. Rad1 Rad8 19. Rxd3 Rxd3 20. Re1 Nc5 {[%emt 0:11:45] [#] Hoping for ...a6.} 21. Be3 a6 22. Nd4 Ncd7 23. Nf5 g6 $36 {[%emt 0:02:42][%mdl 2048] Black has good play.} 24. Ng3 Bxe3 25. fxe3 (25. Rxe3 $11 Rd2 26. b4) 25... Ne5 $17 26. Na4 Nd5 27. Nf1 {[%emt 0:02:28] Nc5 would be deadly.} Rb3 {[%emt 0:01:12] And now ...Nd3 would win.} 28. Re2 b6 {[%emt 0:10:14][%cal Bb7b6,Bb6b5,Bb5a4,Ba4b3][%mdl 32] Against Nc5. Black is much more active.} 29. Kf2 Nd3+ 30. Kg2 $2 {[%emt 0:00:01] This move loses the game for White.} (30. Kg3 $17 {was worth a try.}) 30... b5 $19 31. Nd2 bxa4 32. Nxb3 axb3 33. Kf1 $2 (33. Rd2 {is the only way for White.} Nxe3+ 34. Kg1) 33... Nc5 34. Ke1 {[%emt 0:00:41] [#]} (34. Kg1 {was necessary.}) 34... Nc3 35. Rd2 ({But not} 35. bxc3 b2 36. Rxb2 Nd3+ 37. Kd2 Nxb2 $19) 35... N3a4 {[%emt 0:00:29][%cal Oa4b2] White must now prevent ...Nxb2!} 36. Kd1 Kf8 {[%emt 0:00:26] Weighted Error Value: White=0.27 (precise) /Black=0.19 (very precise)} 0-1